 Dungeon Crawl Stone Soup version 0.31-a0-222-gefeffbb62a (webtiles) character file.

Game seed: 7055905993554328551

109 olmar the Magician (level 4, 0/24 HPs)
             Began as a Deep Elf Earth Elementalist on July 5, 2023.
             Slain by an orc wizard
             ... wielding a +0 dagger
              (1 damage)
             ... on level 3 of the Dungeon.
             The game lasted 00:02:08 (2018 turns).

olmar the Magician (Deep Elf Earth Elementalist)    Turns: 2018, Time: 00:02:09

Health: 0/24       AC:  2    Str:  5    XL:     4   Next: 60%
Magic:  9/12       EV: 13    Int: 22    God:
Gold:   168        SH:  0    Dex: 15    Spells: 11/12 levels left

rFire   . . .        l - +8 trident of the Octopus King {venom, rElec rPois}
rCold   . . .        (no shield)
rNeg    . . .        a - +0 robe
rPois   +            (no helmet)
rElec   +            (no cloak)
rCorr   .            (no gloves)
SInv    .            (no boots)
Will    +....        (no amulet)
Stlth   ++           (no ring)
HPRegen 0.24/turn    (no ring)
MPRegen 0.13/turn

%: no passive effects
@: enlightened, flying
A: no striking features
a: no special abilities


You were on level 3 of the Dungeon.
You visited 1 branch of the dungeon, and saw 3 of its levels.

You collected 168 gold pieces.

Inventory:

Hand Weapons
 l - the +8 trident of the Octopus King (weapon) {venom, rElec rPois}
   (You found it on level 2 of the Dungeon)

   rElec:     It insulates you from electricity.
   rPois:     It protects you from poison.
Armour
 a - a +0 robe (worn)
Scrolls
 e - a scroll of blinking {unknown}
 g - a scroll of silence {unknown}
 h - a scroll of amnesia {unknown}
 i - 3 scrolls of identify {unknown}
 j - a scroll of immolation {unknown}
 m - 2 scrolls of torment {unknown}
Potions
 b - a potion of magic
 c - a potion of enlightenment
 d - a potion of brilliance {unknown}
 f - a potion of lignification {unknown}
 k - 2 potions of heal wounds {unknown}


   Skills:
 + Level 2.7 Dodging
 + Level 3.1 Stealth
 + Level 4.7 Spellcasting
 + Level 1.1 Transmutations
 + Level 4.6 Earth Magic


You had 11 spell levels left.
You knew the following spells:

 Your Spells              Type           Power      Damage    Failure   Level
a - Sandblast             Erth           50%        2d12      1%          1

Your spell library contained the following spells:

 Spells                   Type           Power      Damage    Failure   Level
 Passwall                 Tmut/Erth      14%        N/A       4%          2
 Stone Arrow              Conj/Erth      30%        3d8       12%         3
 Frozen Ramparts          Ice            10%        1d2       30%         3
 Volatile Blastmotes      Fire/Tloc      10%        2d10      30%         3
 Petrify                  Tmut/Erth      17%        N/A       32%         4
 Lee's Rapid Deconstruct  Erth           12%        3d9*      41%         5
 Fulminant Prism          Conj/Hex       2%         3d5       71%         4
 Iskenderun's Mystic Bla  Conj/Tloc      5%         2d3       71%         4
 Freezing Cloud           Conj/Ice/Air   2%         6-21      96%         5
 Polar Vortex             Ice            2%         N/A       100%        9


Dungeon Overview and Level Annotations

Branches:
Dungeon (3/15)

Altars:


Message History

You miss the orc. The orc hits you with a +0 club. x2
You bump into the rock wall.
The orc wizard gestures wildly while chanting.
The orc wizard flickers and vanishes!
Deactivating autopickup; reactivate with Ctrl-A.
You're too confused to move!
You feel less confused. The orc misses you. The orc wizard misses you.
Unknown command.
The blast of sand hits the orc.
The orc is lightly wounded.
The orc barely misses you.
The blast of sand hits the orc wizard!
You kill the orc wizard!
The orc hits you but does no damage. Something hits you.
The orc hits you with a +0 club.
The blast of sand hits the orc!
You kill the orc!
Something hits you.
You can't see any susceptible monsters within range! (Use Z to cast anyway.)
You can't see any susceptible monsters within range! (Use Z to cast anyway.)
You hear some strange, mumbled words.
A puff of flame appears from out of thin air!
The puff of flame hits you!
* * * LOW HITPOINT WARNING * * *
Things that are here:
a +0 club; a +0 scale mail of willpower; an orc corpse Something hits you.
* * * LOW HITPOINT WARNING * * *
Okay, then.
It was a potion of enlightenment.
You feel very buoyant.
You fly up into the air.
Something hits you.
* * * LOW HITPOINT WARNING * * *
You hit something. Something barely misses you.
You hear some strange, mumbled words.
A puff of flame appears from out of thin air!
The puff of flame misses you.
You barely miss something. Something hits you.
You die...

....#.###.##.##.#
###.##.#.###.##.#
###.###.###.#.#.#
....# #.# ##..#.#
##### #.# #..#.##
#.# #.....# # #.#
##.##†.##.#
#.###...#{....#
#........)@...#
#####...##.##.#
##.# #.# .# #<
#)# # ## ... ...
...# .##.#


There were no monsters in sight!

Vanquished Creatures
  An orc wizard (D:3)
  3 adders
  3 orcs (D:3)
  6 ball pythons
  9 bats
  6 endoplasms
  3 giant cockroaches
  3 goblins
  4 hobgoblins
  3 quokkas
  4 frilled lizards
  5 kobolds
  3 rats
53 creatures vanquished.

Notes
Turn   | Place    | Note
-------+----------+-------------------------------------------
     0 | D:1      | olmar the Deep Elf Earth Elementalist began the quest for
                  | the Orb.
     0 | D:1      | Reached XP level 1. HP: 10/10 MP: 6/6
   170 | D:1      | Reached XP level 2. HP: 15/15 MP: 6/8
   812 | D:2      | Reached XP level 3. HP: 19/19 MP: 7/10
  1387 | D:2      | Found the +8 trident of the Octopus King {venom, rElec
                  | rPois}
  1678 | D:3      | Reached XP level 4. HP: 24/24 MP: 6/12
  1760 | D:3      | Got the Elucidation of the Icicle
  2016 | D:3      | HP: 1/24 [something (2)]
  2018 | D:3      | Slain by an orc wizard

Illustrated notes

Levels and vault maps discovered:
D:1:      dpeg_arrival_pits, layout_loops_ring
D:2:      layout_basic
D:3:      layout_loops_ring, serial_shops, nicolae_shop_peninsula,
          basic_ecumenical_altar

Skill      XL: |  1  2  3 |
---------------+----------+-----
Earth Magic    | 4 |  4.6
Spellcasting   | 4 |  4.7
Stealth        | 3 |  3.1
Dodging        | |  2.7
Transmutations | |  1.1

Action                     |  1- 3 |  4- 6 || total
---------------------------+-------+-------++-------
  Melee: Unarmed           |     1 |       ||     1
         Trident           |     1 |     6 ||     7
   Cast: Sandblast         |    51 |    20 ||    71
    Use: Potion            |       |     1 ||     1
   Stab: Sleeping          |     1 |       ||     1
 Armour: Robe              |     3 |     3 ||     6
  Dodge: Dodged            |    17 |    11 ||    28

Table legend: (Time is in decaauts)
 A = Elapsed time spent in this place.
 B = Non-inter-level travel time spent in this place.
 C = Inter-level travel time spent in this place.
 D = Time resting spent in this place.
 E = Time spent auto-exploring this place.
 F = Levels seen in this place.
 G = Mean time per level.
                   A        B        C        D        E       F      G
               +--------+--------+--------+--------+--------+-----+--------+
         Total |   2054 |   2005 |     49 |     13 |   1741 |   3 |  684.7 |
       Dungeon |   2054 |   2005 |     49 |     13 |   1741 |   3 |  684.7 |
               +--------+--------+--------+--------+--------+-----+--------+

Top non-repeatable levels by time:
     D:2: 850 daAuts
     D:1: 809 daAuts
     D:3: 394 daAuts
